 Dungeon Crawl Stone Soup version 0.28.0-53-g5a82cb258f (webtiles) character file.

Game seed: 13864304100971412776

69 gobodom the Conjurer (level 4, -7/24 HPs)
             Began as a Tengu Conjurer on June 22, 2022.
             Killed from afar by Sigmund (13 damage)
             ... with a puff of flame
             ... on level 2 of the Dungeon.
             The game lasted 00:03:35 (1392 turns).

gobodom the Conjurer (Tengu Conjurer)               Turns: 1392, Time: 00:03:36

Health: -7/24      AC:  2    Str:  9    XL:     4   Next: 20%
Magic:  4/8        EV: 12    Int: 19    God:
Gold:   68         SH:  0    Dex: 12    Spells: 6/7 levels left

rFire   . . .      SeeInvis .   e - +0 dagger
rCold   . . .      Faith    .   (no shield)
rNeg    . . .      Spirit   .   a - +0 robe
rPois   .          Reflect  .   (helmet restricted)
rElec   .          Harm     .   (no cloak)
rCorr   .          Rampage  .   (no gloves)
Will    +....                   (boots unavailable)
Stlth   ++........              (no amulet)
HPRegen 0.08/turn               b - ring of willpower
MPRegen 0.11/turn               (no ring)

@: no status effects
A: beak, talons 3
a: no special abilities


You were on level 2 of the Dungeon.
You visited 1 branch of the dungeon, and saw 2 of its levels.

You collected 68 gold pieces.

Inventory:

Hand Weapons
 e - a +0 dagger (weapon)
 g - a +0 short sword
 i - a +0 dagger of venom
Armour
 a - a +0 robe (worn)
Jewellery
 b - a ring of willpower (left hand)
Scrolls
 c - 2 scrolls of identify {unknown}
 f - a scroll of immolation {unknown}
 h - a scroll of silence {unknown}
Potions
 d - 3 potions of brilliance {unknown}


   Skills:
 + Level 2.4 Dodging
 + Level 2.1 Stealth
 + Level 2.3 Spellcasting
 + Level 6.9 Conjurations


You had 6 spell levels left.
You knew the following spells:

 Your Spells              Type           Power      Damage    Failure   Level
a - Magic Dart            Conj           100%       1d8       1%          1

Your spell library contained the following spells:

 Spells                   Type           Power      Damage    Failure   Level
 Searing Ray              Conj           56%        2d6       1%          2
 Dazzling Flash           Conj/Hex       30%        N/A       12%         3
 Mephitic Cloud           Conj/Pois/Air  11%        N/A       19%         3
 Call Imp                 Summ           2%         N/A       26%         2
 Fulminant Prism          Conj/Hex       7%         3d7       36%         4
 Iskenderun's Mystic Bla  Conj/Tloc      15%        2d5       36%         4


Dungeon Overview and Level Annotations

Branches:
Dungeon (2/15)

Altars:

Annotations:
D:2 Sigmund


Innate Abilities, Weirdness & Mutations

You have a beak for a mouth.
You have claws for feet.


Message History

The adder is severely wounded.
The magic dart hits the adder!
You kill the adder!
You see here a hobgoblin corpse.
Jessica and a rat come into view.
Jessica is wielding a +0 dagger of venom.
Jessica shouts!
The magic dart hits Jessica but does no damage.
Sigmund the Dreaded comes into view.
He is wielding a +0 scythe and carrying a wand of flame (20).
The magic dart hits Jessica.
Jessica is heavily wounded.
Sigmund shouts!
Jessica mumbles some strange words.
Jessica seems to speed up.
Jessica gestures at you while chanting. Pain shoots through your body!
The magic dart hits the rat.
You kill the rat!
Jessica mumbles some strange words.
Jessica blinks!
The magic dart hits Jessica.
You kill Jessica!
You have reached level 4!
You feel clever.
Things that are here:
a +0 dagger of venom; a +0 robe
i - a +0 dagger of venom Sigmund mumbles some strange words.
Sigmund flickers and vanishes!
Deactivating autopickup; reactivate with Ctrl-A.
You see here a hobgoblin corpse.
You hear a zap.
A puff of flame appears from out of thin air!
The puff of flame hits you!
* * * LOW HITPOINT WARNING * * *
You hear a zap.
A puff of flame appears from out of thin air!
The puff of flame hits you!
Ouch! That really hurt!
You die...

#..###### #........ #........
.... #.....).. .@.. #..).....
..... ########## ##........
..... ##...##...###.........
...... ##..........##....)....
......##.[†..@........####.###
........{...........#####..#
.!..................##....##
#.#..####..........###....# ##
#......#....###....#
...#########..).....# ..#.
####.....# ####. ####.....# ..
.#######........#


There were no monsters in sight!

Vanquished Creatures
  Jessica (D:2)
  An adder (D:2)
  A ball python (D:1)
  3 endoplasms (D:1)
  2 giant cockroaches (D:1)
  2 goblins
  5 hobgoblins
  3 jackals (D:1)
  A quokka (D:1)
  A bat (D:1)
  5 kobolds
  6 rats
31 creatures vanquished.

Notes
Turn   | Place    | Note
-------+----------+-------------------------------------------
     0 | D:1      | gobodom the Tengu Conjurer began the quest for the Orb.
     0 | D:1      | Reached XP level 1. HP: 10/10 MP: 4/4
   226 | D:1      | Reached XP level 2. HP: 15/15 MP: 3/6
   457 | D:1      | Reached skill level 6 in Conjurations
   882 | D:1      | Reached XP level 3. HP: 19/19 MP: 4/7
  1378 | D:2      | Noticed Jessica
  1379 | D:2      | Noticed Sigmund
  1385 | D:2      | Killed Jessica
  1386 | D:2      | Reached XP level 4. HP: 14/24 MP: 3/8
  1392 | D:2      | Killed from afar by Sigmund

Illustrated notes

Levels and vault maps discovered:
D:1:      matt_arrival_diagonals, layout_basic
D:2:      layout_rooms, hellmonk_ecumenical_altar_lost_god, chequers_jeans,
          uniq_sigmund, uniq_jessica

Skill      XL: |  1  2 |
---------------+-------+-----
Conjurations   | 6 |  6.9
Dodging        | |  2.4
Stealth        | |  2.1
Spellcasting   | |  2.3

Action                   |  1- 3 |  4- 6 || total
-------------------------+-------+-------++-------
 Cast: Magic Dart        |    61 |       ||    61
Dodge: Dodged            |     2 |       ||     2
